 Dungeon Crawl Stone Soup version 0.18.1-5-g4a78601 (webtiles) character file.

7653 shmeve the Blocker (level 10, 0/138 HPs)
             Began as a Minotaur Berserker on May 11, 2016.
             Was an Elder of Trog.
             Slain by a nine-headed hydra (2 damage)
             ... on level 1 of the Lair of Beasts.
             The game lasted 00:13:54 (7435 turns).

shmeve the Blocker (Minotaur Berserker)             Turns: 7435, Time: 00:13:55

Health: 0/138      AC: 13    Str: 30    XL:     10   Next: 99%
Magic:  9/9        EV: 12    Int:  5    God:    Trog [****..]
Gold:   562        SH:  6    Dex:  9    Spells: 0 memorised, 9 levels left

rFire  . . .     SeeInvis .     l - +0 war axe
rCold  . . .     Gourm    .     i - +0 chain mail
rNeg   . . .     Faith    .     C - +0 buckler
rPois  +         Spirit   .     (helmet restricted)
rElec  .         Dismiss  .     r - +1 cloak {rPois}
rCorr  .         Reflect  .     (no gloves)
SustAt .         Harm     .     v - +0 pair of boots
MR     .....                    (no amulet)
Stlth  ..........               (no ring)
                                z - +2 ring of evasion

@: berserking, drained, very quick, not resistant to hostile enchantments,
extremely unstealthy
A: retaliatory headbutt, horns 2
a: Berserk, Trog's Hand, Brothers in Arms, Burn Spellbooks, Renounce Religion


You were on level 1 of the Lair of Beasts.
You worshipped Trog.
Trog was greatly pleased with you.
You were hungry.

You visited 2 branches of the dungeon, and saw 10 of its levels.
You also visited: Ossuary.

You collected 562 gold pieces.

Inventory:

Hand Weapons
 l - a +0 war axe (weapon)
Missiles
 u - 6 javelins
 w - 6 javelins of returning (quivered)
Armour
 i - a +0 chain mail (worn)
 r - a +1 cloak of poison resistance (worn)
 v - a +0 pair of boots (worn)
 C - a +0 buckler (worn)
Jewellery
 z - a +2 ring of evasion (left hand)
Wands
 x - a wand of digging (15/24)
 H - a wand of digging (8/24)
Scrolls
 f - 5 scrolls of remove curse
 g - 3 scrolls of recharging {unknown}
 h - a scroll of magic mapping {unknown}
 n - 4 scrolls of identify {unknown}
 p - a scroll of fear {unknown}
 q - 2 scrolls of fog {unknown}
 s - 2 scrolls of amnesia {unknown}
 y - 3 scrolls of teleportation {unknown}
 A - a scroll of enchant weapon {unknown}
 B - 2 scrolls of immolation {unknown}
 D - a scroll of noise {unknown}
 E - a scroll of summoning {unknown}
 G - a scroll of enchant armour {unknown}
 K - 3 scrolls of random uselessness {unknown}
Potions
 a - a potion of brilliance {unknown}
 b - 3 potions of flight {unknown}
 d - 4 potions of curing {unknown}
 e - 2 potions of heal wounds {unknown}
 j - 3 potions of berserk rage {unknown}
 k - 2 potions of magic {unknown}
 o - 2 potions of cure mutation {unknown}
 t - 3 potions of resistance {unknown}
 F - a potion of ambrosia {unknown}
 J - a potion of mutation {unknown}
 L - 2 potions of haste {unknown}
Comestibles
 c - 5 bread rations
 m - 4 meat rations


   Skills:
 * Level 9.6(8.5) Fighting
 * Level 9.8(8.6) Axes
 + Level 4.9(3.9) Throwing
 + Level 7.1(6.0) Armour
 + Level 5.9(4.8) Dodging
 * Level 11.2(10.0) Shields


You had 9 spell levels left.
You didn't know any spells.

Dungeon Overview and Level Annotations

Branches:
Dungeon (9/15)             Temple (0/1) D:7            Lair (1/8) D:8
    Orc: D:9-12

Altars:
Ashenzari
Cheibriados
Elyvilon
Fedhas
Makhleb
Nemelex Xobeh
Okawaru
Pakellas
Ru
Trog
Xom
Zin
The Shining One

Shops:
D:8 ?


Innate Abilities, Weirdness & Mutations

You reflexively headbutt those who attack you in melee.
You have a pair of horns on your head.


Message History

The seven-headed hydra closely misses you.
The seven-headed hydra bites you!
* * * LOW HITPOINT WARNING * * *
You hack one of the seven-headed hydra's heads off!
The six-headed hydra grows two more!
You slash the eight-headed hydra!
The eight-headed hydra is almost dead.
You chop one of the eight-headed hydra's heads off!
The seven-headed hydra grows two more!
You slash the nine-headed hydra!
The nine-headed hydra is almost dead.
The nine-headed hydra bites you.
* * * LOW HITPOINT WARNING * * *
The nine-headed hydra bites you but does no damage.
The nine-headed hydra barely misses you.
The nine-headed hydra bites you!
* * * LOW HITPOINT WARNING * * *
The nine-headed hydra barely misses you.
The nine-headed hydra bites you.
* * * LOW HITPOINT WARNING * * *
The nine-headed hydra bites you.
You die...

...#....###+#+#
...#....#
.##.....#
........#
.#.....# .
.........
......##.
.........#
#....... ........
###.....#
...#....
###+#.#.....#####
.+##....
.................
... ..
......D@†........
##.#
#P#############.#
##


You could see a nine-headed hydra.

Vanquished Creatures
  Urug (Lair:1)
  Pikel (D:8)
  Joseph (D:8)
  3 spiny frogs (Lair:1)
  Psyche (D:8)
  6 yaks (Lair:1)
  Grum (D:8)
  A hippogriff (D:8)
  A hungry ghost (D:8)
  Menkaure (D:4)
  The ghost of skilldogster the Bolt Thrower, an amateur OpHu of Qazlal (D:3)
  A water moccasin (Lair:1)
  A porcupine (Lair:1)
  A necrophage (D:6)
  4 slaves (D:8)
  An ice beast (D:8)
  A black bear (D:7)
  4 wolves (D:8)
  2 ogres
  3 centaurs
  4 giant frogs
  2 elf zombies (Ossuary)
  A wyvern skeleton (D:8)
  A scorpion (D:8)
  2 vampire bats (D:7)
  A howler monkey (D:6)
  9 wights
  3 centaur zombies (Ossuary)
  3 crimson imps
  3 hounds
  2 human zombies (Ossuary)
  A giant frog zombie (D:8)
  A jelly (D:5)
  A giant frog skeleton (D:8)
  Crazy Yiuf (D:4)
  3 iguanas
  6 hell rats (Lair:1)
  14 worker ants
  A big kobold zombie (Ossuary)
  4 hound zombies
  4 mummies
  A worker ant zombie (D:4)
  3 gnolls (D:6)
  9 river rats (Lair:1)
  5 adders
  A shadow imp (D:7)
  An ooze (D:3)
  An adder skeleton (D:9)
  3 adder zombies
  A worm (D:2)
  2 giant geckos
  10 orcs
  3 giant cockroaches
  A gnoll zombie (Ossuary)
  6 hobgoblins
  5 jackals
  4 quokkas
  A ball python (D:1)
  13 bats
  7 giant newts
  7 goblins
  3 goblin zombies (Ossuary)
  2 hobgoblin zombies
  8 jackal zombies (Ossuary)
  8 kobolds
  8 kobold zombies
  2 orc zombies
  3 quokka zombies (Ossuary)
  5 rats
  A rat zombie (Ossuary)
227 creatures vanquished.

Notes
Turn   | Place    | Note
--------------------------------------------------------------
     0 | D:1      | shmeve the Minotaur Berserker began the quest for the Orb.
     0 | D:1      | Reached XP level 1. HP: 19/19 MP: 0/0
     2 | D:1      | Noticed a centaur
     2 | D:1      | Noticed an ogre
     6 | D:1      | Noticed a demigod
     6 | D:1      | Noticed a formicid
     8 | D:1      | Noticed a dwarf
    10 | D:1      | Noticed a troll
    10 | D:1      | Noticed a felid
    12 | D:1      | Noticed a gargoyle
    12 | D:1      | Noticed a tengu
    14 | D:1      | Noticed a draconian
    14 | D:1      | Noticed a naga
    16 | D:1      | Noticed a ghoul
    16 | D:1      | Noticed an elf
    18 | D:1      | Noticed a minotaur
    18 | D:1      | Noticed a demonspawn
    20 | D:1      | Noticed a vampire
    20 | D:1      | Noticed a human
    22 | D:1      | Noticed a merfolk
    24 | D:1      | Noticed an octopode
    24 | D:1      | Noticed a spriggan
    26 | D:1      | Noticed a vine stalker
    26 | D:1      | Noticed a halfling
   285 | D:1      | Reached XP level 2. HP: 25/27 MP: 1/1
   665 | D:2      | Reached ** piety under Trog
   929 | D:2      | Reached XP level 3. HP: 28/33 MP: 2/2
  1527 | D:3      | Noticed skilldogster's ghost (amateur OpHu)
  1533 | D:3      | Killed skilldogster's ghost
  1533 | D:3      | Reached skill level 5 in Fighting
  1533 | D:3      | Reached skill level 1 in Throwing
  1533 | D:3      | Reached XP level 4. HP: 42/42 MP: 3/3
  1533 | D:3      | Reached XP level 5. HP: 48/48 MP: 4/4
  1534 | D:3      | Found a sparkling altar of Nemelex Xobeh.
  1562 | D:3      | Found a burning altar of Makhleb.
  1564 | D:3      | Noticed an Executioner
  1718 | D:3      | Reached skill level 5 in Axes
  1843 | D:4      | Noticed Menkaure
  1856 | D:4      | Killed Menkaure
  1856 | D:4      | Reached XP level 6. HP: 54/56 MP: 5/5
  1952 | D:4      | Reached XP level 7. HP: 62/62 MP: 6/6
  2016 | D:4      | Found a glowing golden altar of the Shining One.
  2017 | D:4      | Found a white marble altar of Elyvilon.
  2019 | D:4      | Found a glowing silver altar of Zin.
  2213 | D:4      | Found a sand-covered staircase.
  2222 | Ossuary  | Entered an ossuary
  2337 | Ossuary  | Reached skill level 5 in Armour
  2406 | Ossuary  | Reached XP level 8. HP: 65/73 MP: 7/7
  2557 | D:4      | Noticed Crazy Yiuf
  2559 | D:4      | Killed Crazy Yiuf
  2638 | D:5      | Entered Level 5 of the Dungeon
  3797 | D:6      | Reached skill level 5 in Dodging
  4253 | D:7      | Reached XP level 9. HP: 74/81 MP: 8/8
  4330 | D:7      | Found a staircase to the Ecumenical Temple.
  4454 | D:7      | Found a sacrificial altar of Ru.
  4454 | D:7      | Found a shimmering altar of Xom.
  4556 | D:7      | Reached *** piety under Trog
  5134 | D:8      | Found Jozapoga's Magic Scroll Shop.
  5143 | D:8      | Reached skill level 1 in Shields
  5145 | D:8      | Reached skill level 2 in Shields
  5172 | D:8      | Reached skill level 3 in Shields
  5189 | D:8      | Reached skill level 4 in Shields
  5231 | D:8      | Reached skill level 5 in Shields
  5296 | D:8      | Noticed Grum
  5304 | D:8      | Reached skill level 6 in Shields
  5307 | D:8      | Killed Grum
  5309 | D:8      | Reached skill level 7 in Shields
  5623 | D:8      | Noticed Psyche
  5629 | D:8      | Killed Psyche
  5629 | D:8      | Reached skill level 8 in Shields
  5641 | D:8      | Found a staircase to the Lair.
  5655 | D:8      | Found a snail-covered altar of Cheibriados.
  5698 | D:8      | Found a blossoming altar of Fedhas.
  5764 | D:8      | Found a bloodstained altar of Trog.
  5766 | D:8      | Found a shattered altar of Ashenzari.
  5853 | D:8      | Found a sparkling altar of Nemelex Xobeh.
  5900 | D:8      | Found an iron altar of Okawaru.
  5911 | D:8      | Noticed Joseph
  5929 | D:8      | Killed Joseph
  5929 | D:8      | Reached skill level 9 in Shields
  5929 | D:8      | Reached XP level 10. HP: 86/90 MP: 9/9
  6220 | D:8      | Noticed Pikel
  6225 | D:8      | Reached **** piety under Trog
  6233 | D:8      | Killed Pikel
  6233 | D:8      | Reached skill level 10 in Shields
  6329 | D:9      | Found an oddly glowing altar of Pakellas.
  6424 | Lair:1   | Entered Level 1 of the Lair of Beasts
  6706 | Lair:1   | Noticed a spiny frog
  6717 | Lair:1   | Killed a spiny frog
  6734 | Lair:1   | Noticed a spiny frog
  6740 | Lair:1   | Killed a spiny frog
  6838 | Lair:1   | Noticed Urug
  6839 | Lair:1   | Noticed a spiny frog
  6845 | Lair:1   | Killed a spiny frog
  6850 | Lair:1   | Reached skill level 11 in Shields
  6855 | Lair:1   | Killed Urug
  7422 | Lair:1   | Noticed a four-headed hydra
  7435 | Lair:1   | HP: 3/138 [nine-headed hydra (9)]
  7435 | Lair:1   | Slain by a nine-headed hydra

Skill      XL: |  1  2  3  4  5  6  7  8  9 10 |
---------------+-------------------------------+-----
Fighting       | 4 5 7 8 9 |  9.6
Axes           | 4 5 6 7 8 9 |  9.8
Armour         | 3 4 5 6 7 |  7.1
Throwing       | 1 2 4 |  4.9
Dodging        | 3 5 |  5.9
Shields        | 9 11 | 11.2

Action                   |  1- 3 |  4- 6 |  7- 9 | 10-12 || total
-------------------------+-------+-------+-------+-------++-------
Melee: Hand axe          |    51 |       |       |       ||    51
       Headbutt          |     9 |     3 |    51 |    19 ||    82
       War axe           |    22 |    24 |     4 |    81 ||   131
       Battleaxe         |       |       |   289 |    16 ||   305
Throw: Javelin           |       |     8 |       |    17 ||    25
Invok: Berserk           |     1 |     1 |     3 |     4 ||     9
       Trog's Hand       |       |     1 |     1 |     1 ||     3
  Use: Scroll            |       |       |     1 |       ||     1
  Eat: Chunk             |     2 |     2 |    13 |     6 ||    23
       Fruit             |       |       |     4 |       ||     4
       Royal jelly       |       |       |     1 |       ||     1
       Beef jerky        |       |       |       |     2 ||     2
Armor: Animal skin       |     6 |       |       |       ||     6
       Chain mail        |    25 |     9 |   210 |    58 ||   302
Dodge: Dodged            |    45 |    15 |   213 |    64 ||   337
Block: Buckler           |       |       |       |    20 ||    20
